 Dungeon Crawl Stone Soup version 0.25-a0-544-gee0576305d (webtiles) character file.

Game seed: 14142427526397964994, levelgen mode: deterministic

6038 vurker the Zephyrmancer (level 10, -9/51 HPs)
             Began as a Felid Air Elementalist on Feb 20, 2020.
             Was a Priest of Vehumet.
             Mangled by a wraith (14 damage)
             ... led by Josephine
             ... on level 11 of the Dungeon.
             The game lasted 00:22:45 (18143 turns).

vurker the Zephyrmancer (Felid Air Elementalist)   Turns: 18143, Time: 00:22:45

Health: -9/51      AC:  2    Str:  4    XL:     10   Next: 56%
Magic:  9/43       EV: 18    Int: 20    God:    Vehumet [***...]
Gold:   191        SH:  0    Dex: 17    Spells: 19/29 levels left
                                        Lives:  0   Deaths: 3

rFire    . . .     SeeInvis +   (weapon unavailable)
rCold    . . .     Gourm    .   (shield unavailable)
rNeg     . . .     Faith    .   (armour unavailable)
rPois    .         Spirit   .   (helmet unavailable)
rElec    .         Reflect  .   (cloak unavailable)
rCorr    .         Harm     .   (gloves unavailable)
MR       +++..     Clarity  +   (boots unavailable)
Stlth    +++.......             (no amulet)
HPRegen  0.17/turn              t - ring of magical power
MPRegen  0.28/turn              v - ring "Budixaw" {MR++ MP+9}

@: slowed, slow
A: very small, no armour, no weapons or thrown items, stealth, claws 1, fangs 3,
see invisible, carnivore, clarity, speed 1, mutation resistance 1, robust 1,
shaggy fur 2, slow metabolism 1, sharp paws
a: Renounce Religion


You were on level 11 of the Dungeon.
You worshipped Vehumet.
Vehumet was most pleased with you.
You were not hungry.

You visited 3 branches of the dungeon, and saw 13 of its levels.

You collected 686 gold pieces.
You spent 495 gold pieces at shops.

Inventory:

Jewellery
 b - an uncursed ring of positive energy
   (You found it on level 6 of the Dungeon)
 n - an uncursed ring of wizardry
   (You found it on level 10 of the Dungeon)
 t - a ring of magical power (left paw)
   (You found it on level 9 of the Dungeon)
 v - the ring "Budixaw" (right paw) {MR++ MP+9}
   (You bought it in a shop on level 8 of the Dungeon)

   [ring of magical power]

   It affects your resistance to hostile enchantments.
   It affects your magic capacity (+9).
Wands
 x - a wand of acid (10)
   (You found it on level 8 of the Dungeon)
Scrolls
 d - a scroll of teleportation
 f - a scroll of magic mapping {unknown}
 j - 2 scrolls of remove curse
 l - a scroll of fear
 o - 2 scrolls of fog {unknown}
 p - a scroll of summoning {unknown}
 q - a scroll of immolation {unknown}
 r - a scroll of identify
 s - a scroll of enchant weapon {unknown}
 u - 2 scrolls of torment {unknown}
Potions
 a - 3 potions of lignification
 c - 2 potions of flight
 g - a potion of ambrosia
 i - a potion of cancellation
 k - 3 potions of degeneration {unknown}
 m - 3 potions of curing
Miscellaneous
 w - a crystal ball of energy
   (You found it on level 10 of the Dungeon)
Comestibles
 e - 26 rations


   Skills:
 + Level 7.4 Fighting
 - Level 2.6 Dodging
 - Level 2.6 Stealth
 * Level 10.1 Spellcasting
 * Level 7.6 Conjurations
 * Level 10.2 Air Magic
 + Level 2.0 Evocations


You had 19 spell levels left.
You knew the following spells:

 Your Spells              Type           Power        Failure   Level  Hunger
a - Shock                 Conj/Air       ####         1%          1    None
b - Lightning Bolt        Conj/Air       #####.....   1%          5    ####...
c - Airstrike             Air            ######....   1%          4    ##.....

Your spell library contained the following spells:

 Spells                   Type           Power        Failure   Level  Hunger
 Stone Arrow              Conj/Erth      ####..       1%          3    None
 Magic Dart               Conj           ####         1%          1    None
 Poisonous Vapours        Pois/Air       ####..       1%          2    None
 Searing Ray              Conj           #####.       1%          2    None
 Swiftness                Chrm/Air       ####....     1%          2    None
 Dazzling Flash           Conj/Hex       ####..       1%          3    None
 Mephitic Cloud           Conj/Pois/Air  ####....     1%          3    None
 Static Discharge         Conj/Air       #####...     1%          3    None
 Fulminant Prism          Conj/Hex       ####......   4%          4    ##.....
 Iskenderun's Mystic Bla  Conj/Tloc      ####....     4%          4    ##.....
 Ignite Poison            Fire/Tmut/Pois ##......     5%          3    None
 Animate Skeleton         Necr           N/A          7%          1    None
 Apportation              Tloc           ##....       7%          1    None
 Corona                   Hex            ##.....      7%          1    None
 Sting                    Tmut/Pois      ##..         7%          1    None
 Summon Small Mammal      Summ           ##..         7%          1    None
 Olgreb's Toxic Radiance  Pois           ##......     17%         4    ##.....


Dungeon Overview and Level Annotations

Branches:
Dungeon (11/15)            Temple (1/1) D:4            Lair (0/6) D:9
    Orc (1/2) D:9

Altars:
Ashenzari
Cheibriados
Dithmenos
Elyvilon
Fedhas
Gozag
Hepliaklqana
Kikubaaqudgha
Makhleb
Nemelex Xobeh
Okawaru
Qazlal
Ru
Sif Muna
Trog
Uskayaw
Vehumet
Wu Jian
Xom
Yredelemnul
Zin
The Shining One

Shops:
D:7 [[[   D:8 =*   D:9 [


Innate Abilities, Weirdness & Mutations

You cannot wear armour.
You are incapable of wielding weapons or throwing items.
Your paws allow you to move quietly. (Stealth)
You have sharp claws.
You have razor-sharp teeth.
You have supernaturally acute eyesight. (SInv)
You are carnivorous and can eat meat at any time.
You cover ground quickly.
You are covered in thick fur. (AC +2)
You have a slow metabolism.
Your sharp claws are effective at attacking unaware monsters.
You possess an exceptional clarity of mind.
You are somewhat resistant to further mutation.
You are robust. (+10% HP)


Message History

The ghostly flame explodes!
The ghostly fireball engulfs you!!
You feel drained.
* * * LOW HITPOINT WARNING * * *
A wraith comes into view.
Aim: Josephine, wielding a +0 dagger and wearing a cursed +0 robe (almost dead)
The air twists around and strikes Josephine!
You kill Josephine!
Vehumet accepts your kill.
Your life force feels restored.
Your Spellcasting skill increases to level 10!
You feel yourself speed up. The wraith hits you!
* * * LOW HITPOINT WARNING * * *
The wraith drains your vigour!
You feel yourself slow down.
You feel much better. The wraith completely misses you.
The zap hits the wraith but does no damage.
The zap hits the wraith.
You destroy the wraith!
Vehumet accepts your kill.
Your Evocations skill increases to level 2!
The zap hits the wraith but does no damage.
The zap misses the wraith.
The wraith hits you!
* * * LOW HITPOINT WARNING * * *
The wraith hits you.
* * * LOW HITPOINT WARNING * * *
The wraith drains your vigour!
You feel as though you will be slow longer.
The zap hits the wraith.
The zap hits the wraith but does no damage.
The zap hits the wraith. x2; The wraith hits you!
* * * LOW HITPOINT WARNING * * *
You hear a mighty clap of thunder!
The bolt of lightning hits the wraith but does no damage.
The bolt of lightning hits the wraith!!
You destroy the wraith!
Vehumet accepts your kill.
The bolt of lightning hits the wraith!!
The bolt of lightning hits the wraith!
The wraith barely misses you. The wraith hits you but does no damage.
You hear a mighty clap of thunder!
The bolt of lightning hits the wraith but does no damage.
The bolt of lightning misses the wraith. x2
The wraith hits you!
* * * LOW HITPOINT WARNING * * *
Unknown command.
You hear a mighty clap of thunder!
The bolt of lightning hits the wraith!!
The bolt of lightning misses the wraith. x2
The wraith hits you!
You die...

########## ..W.W.)..# ########W#
# #W# #. #@# #########
#.##############.# #........
#........##......# #....##..
.........#####.### #....##..
#.......#####.#######. #....##..
#..)....'.............##'#####..
#.......#####.#######.#...####..
#####'#.# #... #.#......#..
#.#.# ###### #.#......###


You could see 2 wraiths.

Vanquished Creatures
  Josephine (D:11)
  A two-headed ogre (D:8)
  A flayed ghost (D:10)
  An ugly thing (D:7)
  A moth of wrath (D:6)
  Maurice (D:10)
  A hornet (D:8)
  2 hippogriffs (D:11)
  7 wraiths
  2 wyverns (D:11)
  A shadow (D:10)
  13 fire bats (D:10)
  2 hungry ghosts
  A water moccasin (D:8)
  2 porcupines (D:9)
  2 sky beasts
  6 ice beasts
  7 orc warriors
  An eye of draining (D:7)
  12 ogres
  5 centaurs
  A crocodile (D:11)
  5 bullfrogs
  13 killer bees
  3 electric eels (D:11)
  A howler monkey (D:9)
  8 crimson imps
  2 jellies
  A quasit (D:5)
  2 centaur skeletons
  6 orc priests
  An iguana (D:4)
  Natasha (thrice) (D:3)
  7 orc wizards
  4 worker ants
  A worker ant zombie (D:11)
  A gnoll (D:2)
  15 adders
  A howler monkey skeleton (D:10)
  A shadow imp (D:10)
  2 oozes
  6 worms
  3 dart slugs
  3 leopard geckos
  45 orcs
  63 bats
  2 giant cockroaches
  5 goblins
  5 hobgoblins
  10 jackals
  5 quokkas
  2 ball pythons
  2 frilled lizards
  A jackal skeleton (D:5)
  8 kobolds
  2 leopard gecko skeletons
  3 quokka skeletons
  A quokka zombie (D:9)
  6 rats
320 creatures vanquished.

Vanquished Creatures (others)
  A plant (D:7)
1 creature vanquished.

Grand Total: 321 creatures vanquished

Notes
Turn   | Place    | Note
-------+----------+-------------------------------------------
     0 | D:1      | vurker the Felid Air Elementalist began the quest for the
                  | Orb.
     0 | D:1      | Reached XP level 1. HP: 7/7 MP: 4/4
    41 | D:1      | Reached skill level 1 in Conjurations
   288 | D:1      | Reached XP level 2. HP: 12/12 MP: 1/6
  1136 | D:2      | Reached skill level 1 in Fighting
  1136 | D:2      | Reached XP level 3. HP: 15/15 MP: 0/7
  1812 | D:2      | Reached XP level 4. HP: 19/19 MP: 4/9
  2666 | D:3      | Reached XP level 5. HP: 22/22 MP: 4/10
  2775 | D:3      | Learned a level 5 spell: Lightning Bolt
  2780 | D:3      | Learned a level 4 spell: Airstrike
  3014 | D:3      | Noticed Natasha
  3025 | D:3      | Killed Natasha
  3180 | D:3      | Noticed Natasha
  3197 | D:3      | Killed Natasha
  3326 | D:3      | Noticed Natasha
  3345 | D:3      | Killed Natasha
  3570 | D:4      | Found a staircase to the Ecumenical Temple.
  3581 | Temple   | Entered the Ecumenical Temple
  4074 | D:3      | Slain by an orc
  4075 | D:3      | Reached XP level 4. HP: -3/19 MP: 3/10
  4119 | D:3      | Reached XP level 5. HP: 10/22 MP: 0/11
  4437 | D:4      | Found a basalt altar of Yredelemnul.
  5006 | D:5      | Entered Level 5 of the Dungeon
  5016 | D:5      | Noticed an ogre
  5020 | D:5      | Killed an ogre
  5020 | D:5      | Gained mutation: You are covered in thick fur. (AC +2)
                  | [Felid growth]
  5020 | D:5      | Reached XP level 6. HP: 27/27 MP: 4/13
  6173 | D:5      | Noticed an ice beast
  6177 | D:5      | Killed an ice beast
  6680 | D:6      | Reached skill level 5 in Air Magic
  6680 | D:6      | Reached XP level 7. HP: 31/31 MP: 1/15
  6840 | D:6      | Reached skill level 5 in Spellcasting
  7617 | D:6      | Reached XP level 8. HP: 35/35 MP: 8/17
  7678 | D:6      | Noticed a moth of wrath
  8061 | D:6      | Found Vag Nel's General Store.
  8090 | D:6      | Found a bloodstained altar of Trog.
  8094 | D:6      | Killed a moth of wrath
  8341 | D:6      | Found an iron altar of Okawaru.
  8860 | D:7      | Found Xatrucs Orip's Armour Boutique.
  8995 | D:7      | Reached XP level 9. HP: 39/39 MP: 1/19
  9321 | D:7      | HP: 1/39 [killer bee (5)]
  9608 | D:7      | Noticed a red ugly thing
  9857 | D:7      | Gained mutation: You possess an exceptional clarity of
                  | mind. [potion of mutation]
  9857 | D:7      | Gained mutation: You are robust. (+10% HP) [potion of
                  | mutation]
  9857 | D:7      | Gained mutation: You are somewhat resistant to further
                  | mutation. [potion of mutation]
  9993 | D:7      | Found Neja's Armour Shop.
 10136 | D:7      | Found a blossoming altar of Fedhas.
 10210 | D:7      | Killed a red ugly thing
 10210 | D:7      | Reached skill level 5 in Fighting
 10680 | D:7      | Reached skill level 5 in Conjurations
 10863 | D:7      | Found Qextiz's Antique Armour Boutique.
 11318 | D:8      | Found Vuud Cos's Jewellery Emporium.
 11416 | D:8      | Noticed a two-headed ogre
 11791 | D:8      | Found Fym Amn's Elemental Accessories.
 12171 | D:8      | Reached XP level 10. HP: 49/49 MP: 14/23
 12839 | D:8      | Found Vuud Cos's Jewellery Emporium.
 12854 | D:8      | Killed a two-headed ogre
 13064 | D:8      | Found Fym Amn's Elemental Accessories.
 13552 | D:9      | Found a burning altar of Makhleb.
 13880 | D:9      | Found a staircase to the Orcish Mines.
 13880 | D:9      | Found Bupi's Armour Shop.
 13932 | D:9      | Found a radiant altar of Vehumet.
 13942 | D:9      | Became a worshipper of Vehumet
 14317 | D:9      | Found a staircase to the Lair.
 14677 | D:8      | Bought the ring "Budixaw" {MR++ MP+9} for 495 gold pieces
 14695 | D:10     | Entered Level 10 of the Dungeon
 14954 | D:10     | Found a runed translucent door.
 15045 | D:10     | Found a glowing silver altar of Zin.
 15048 | D:10     | Slain by a fire bat
 15049 | D:10     | Reached XP level 9. HP: -2/46 MP: 30/40
 15282 | D:10     | Reached * piety under Vehumet
 15282 | D:10     | Offered knowledge of Freeze by Vehumet.
 15431 | D:10     | Noticed Maurice
 15435 | D:10     | Killed Maurice
 15435 | D:10     | Reached XP level 10. HP: 13/50 MP: 24/24
 16359 | D:10     | Found a stormy altar of Qazlal.
 16373 | D:10     | Offered knowledge of Foxfire by Vehumet.
 16513 | D:10     | Found a shimmering altar of Xom.
 16514 | D:10     | Reached ** piety under Vehumet
 16698 | D:10     | Found a radiant altar of Vehumet.
 16870 | D:10     | Found a hide-covered altar of Uskayaw.
 16880 | D:10     | Offered knowledge of Conjure Flame by Vehumet.
 16994 | D:10     | Found a radiant altar of Vehumet.
 17018 | D:10     | Reached *** piety under Vehumet
 17074 | D:10     | Noticed a flayed ghost
 17080 | D:10     | Killed a flayed ghost
 17431 | Orc:1    | Entered Level 1 of the Orcish Mines
 17431 | Orc:1    | Noticed a two-headed ogre
 17431 | Orc:1    | Noticed a two-headed ogre
 17434 | Orc:1    | Noticed a two-headed ogre
 17434 | Orc:1    | Noticed a two-headed ogre
 17436 | Orc:1    | Noticed a two-headed ogre
 17580 | D:11     | Shot with an arrow by a centaur
 17581 | D:11     | Reached XP level 9. HP: -6/47 MP: 28/41
 17625 | D:11     | Reached XP level 10. HP: 51/51 MP: 24/24
 17647 | D:11     | Reached skill level 10 in Air Magic
 17653 | D:11     | Offered knowledge of Stone Arrow by Vehumet.
 17653 | D:11     | Reached skill level 1 in Evocations
 18128 | D:11     | Noticed Josephine
 18134 | D:11     | Killed Josephine
 18134 | D:11     | Reached skill level 10 in Spellcasting
 18143 | D:11     | Mangled by a wraith

Levels and vault maps discovered:
D:1:      psy_arrival_conway, layout_loops_ring
D:2:      layout_basic, minmay_split_cup_large
D:3:      layout_rooms, uniq_natasha
D:4:      layout_rooms, kennysheep_mini_moat, minmay_temple_entry_stoned_glass
D:5:      layout_basic, first_ration
D:6:      layout_gridville, tgw_trog, serial_shops, shop_fountains,
          okawaru_gym_becter
D:7:      layout_loops_ring, serial_shops, shop, kennysheep_little_box, shop,
          grunt_ogre_cave, fedhas_ov_isle_minmay
D:8:      layout_loops_ring, serial_shops, shop, eino_tiny_chamber,
          nicolae_elemental_shop, dk_vineyard_1
D:9:      layout_rooms, bloody_makhleb, fiery_altar_vehumet,
          grunt_lair_entry_orc_guard_hut, orc_david_3
D:10:     due_megacathedral, layout_basic, uniq_maurice
D:11:     old_forge, layout_basic, minmay_diamond_spiral, uniq_josephine
Temple:   eino_narrow_crystal_temple
Orc:1:    layout_caves, uniq_urug

Skill      XL: |  1  2  3  4  5  6  7  8  9 10 |
---------------+-------------------------------+-----
Conjurations   | 1 2 3 4 5 7 |  7.6
Air Magic      | 3 4 5 6 8 10 | 10.2
Fighting       | 1 2 3 4 5 7 |  7.4
Spellcasting   | 3 4 5 6 9 10 | 10.1
Evocations     | 2 |  2.0
Dodging        | |  2.6
Stealth        | |  2.6

Action                   |  1- 3 |  4- 6 |  7- 9 | 10-12 || total
-------------------------+-------+-------+-------+-------++-------
Melee: Unarmed           |    20 |    39 |    22 |       ||    81
       Bite              |     2 |     3 |     1 |       ||     6
 Cast: Shock             |    86 |   179 |    73 |    35 ||   373
       Airstrike         |       |    12 |   123 |   170 ||   305
       Lightning Bolt    |       |       |       |     5 ||     5
  Use: Scroll            |       |     7 |     5 |     2 ||    14
       Potion            |       |       |     5 |     1 ||     6
  Eat: Chunk             |    10 |    10 |    38 |    21 ||    79
Armor: Skin              |       |     6 |     4 |    17 ||    27
Dodge: Dodged            |    40 |    81 |    52 |   102 ||   275

Table legend:
 A = Non-vault XP
 B = Vault XP
 C = Vault XP percentage of total XP
 D = Non-vault monster count
 E = Vault monster count
 F = Vault count percentage of total count
                 A         B        C        D         E       F
            +---------+---------+-------+---------+---------+-------
      Total |   12660 |    5883 |  31.7 |     285 |      35 |  10.9
            +---------+---------+-------+---------+---------+-------
        D:1 |      37 |       0 |   0.0 |      20 |       0 |   0.0
        D:2 |      91 |      34 |  27.2 |      24 |       4 |  14.3
        D:3 |     152 |      36 |  19.1 |      13 |       1 |   7.1
        D:4 |     114 |       0 |   0.0 |      13 |       0 |   0.0
        D:5 |     399 |       0 |   0.0 |      17 |       0 |   0.0
        D:6 |    1213 |     539 |  30.8 |      28 |       6 |  17.6
        D:7 |    1961 |     121 |   5.8 |      33 |       1 |   2.9
        D:8 |    2178 |       0 |   0.0 |      16 |       0 |   0.0
        D:9 |     776 |     781 |  50.2 |      11 |      11 |  50.0
       D:10 |    3699 |    2207 |  37.4 |      89 |       7 |   7.3
       D:11 |    1924 |    2165 |  52.9 |      20 |       5 |  20.0
      Orc:1 |     116 |       0 |   0.0 |       1 |       0 |   0.0
            +---------+---------+-------+---------+---------+-------
